 Dungeon Crawl Stone Soup version 0.18.1-6-gd335043 (webtiles) character file.

3622 nikolu the Spear-Bearer (level 9, -15/82 HPs)
             Began as a Minotaur Berserker on May 15, 2016.
             Was a High Priest of Trog.
             Demolished by an orc warrior
             ... wielding a +0 halberd of flaming
              (19 damage)
             ... on level 7 of the Dungeon.
             The game lasted 00:23:16 (6762 turns).

nikolu the Spear-Bearer (Minotaur Berserker)        Turns: 6762, Time: 00:23:16

Health: -15/82     AC:  9    Str: 22    XL:     9   Next: 87%
Magic:  8/8        EV: 17    Int:  4    God:    Trog [*****.]
Gold:   275        SH:  5    Dex: 13    Spells: 0 memorised, 8 levels left

rFire  . . .     SeeInvis .     G - +0 trident
rCold  . . .     Gourm    .     u - +0 scale mail
rNeg   . . .     Faith    .     (no shield)
rPois  .         Spirit   .     (helmet restricted)
rElec  .         Dismiss  .     q - +0 cloak
rCorr  .         Reflect  +     (no gloves)
SustAt .         Harm     .     (no boots)
MR     .....                    I - +5 amulet of reflection
Stlth  ..........               g - +3 ring of evasion
                                J - ring of flight

@: not resistant to hostile enchantments, extremely unstealthy
A: retaliatory headbutt, horns 2
a: Berserk, Trog's Hand, Brothers in Arms, Burn Spellbooks, Renounce Religion,
Evoke Flight


You were on level 7 of the Dungeon.
You worshipped Trog.
Trog was extremely pleased with you.
You were very hungry.

You visited 1 branch of the dungeon, and saw 8 of its levels.

You collected 275 gold pieces.

Inventory:

Hand Weapons
 a - a +0 spear
 G - a +0 trident (weapon)
Missiles
 v - 4 javelins of returning (quivered)
Armour
 b - a +0 animal skin
 f - a +0 leather armour
 q - a +0 cloak (worn)
 u - a +0 scale mail (worn)
Jewellery
 e - an uncursed ring of protection from fire
 g - a +3 ring of evasion (right hand)
 D - an uncursed ring of see invisible
 I - a +5 amulet of reflection (around neck)
 J - a ring of flight (left hand)
 M - a cursed ring of loudness {unknown}
Wands
 r - a wand of lightning (2/15)
 y - a wand of acid (4/15)
 F - a wand of slowing (23/48)
 K - a wand of flame (29/48)
 L - a wand of heal wounds (6/9)
Scrolls
 d - 16 scrolls of identify {unknown}
 i - 2 scrolls of fog {unknown}
 j - 5 scrolls of amnesia {unknown}
 m - 5 scrolls of teleportation {unknown}
 n - 2 scrolls of enchant armour {unknown}
 s - 3 scrolls of remove curse {unknown}
 t - 3 scrolls of enchant weapon {unknown}
 w - a scroll of immolation {unknown}
 x - a scroll of fear {unknown}
 H - 2 scrolls of noise {unknown}
 O - a scroll of magic mapping {unknown}
Potions
 h - a potion of ambrosia {unknown}
 k - a potion of agility {unknown}
 l - 2 potions of mutation {unknown}
 p - 2 potions of berserk rage {unknown}
 A - 3 potions of flight {unknown}
 B - 2 potions of brilliance {unknown}
 E - 2 potions of heal wounds {unknown}
Comestibles
 c - 7 bread rations
 o - 9 beef jerkies
 z - 4 meat rations
 C - 5 fruits
 N - a slice of pizza


   Skills:
 + Level 8.3 Fighting
 * Level 10.0 Polearms
 * Level 3.1 Throwing
 + Level 8.3 Armour
 + Level 7.5 Dodging
 + Level 1.0 Stealth


You had 8 spell levels left.
You didn't know any spells.

Dungeon Overview and Level Annotations

Branches:
Dungeon (8/15)             Temple (0/1) D:6
   Lair: D:8-11

Altars:
Dithmenos
Qazlal
Zin

Shops:
D:6 :(=[   D:8 =

Annotations:
D:8 Psyche


Innate Abilities, Weirdness & Mutations

You reflexively headbutt those who attack you in melee.
You have a pair of horns on your head.


Message History

The orc warrior is moderately wounded.
The orc warrior barely misses you. You furiously retaliate!
You headbutt the orc warrior.
You hit the orc warrior but do no damage.
The orc warrior is moderately wounded.
The orc warrior closely misses you.
You puncture the orc warrior!
The orc warrior is severely wounded.
You hit the orc warrior but do no damage.
You headbutt the orc warrior, but do no damage.
The orc warrior is severely wounded.
The orc warrior hits you with a halberd of flaming!!
* * * LOW HITPOINT WARNING * * *
The orc warrior burns you!
* * * LOW HITPOINT WARNING * * *
You're too hungry to go berserk.
You barely miss the orc warrior.
The orc warrior is severely wounded.
The orc warrior hits you with a halberd of flaming!!
You die...

#.....#.#....#......#
#............#......#
#......##....#......#
#...........##......#
##.....#.#..####.##### #
##................#
######................##
..##......##....(......#
.............(.(@o.((..#
..#..##.###.....)[.....#
.........##.#.........##
##...................##
.#....##.#......(...##
..###..#......##...####
#...#........###.....)##
......###..####...###..#
.#.).####^.####.#..#####


You could see an orc warrior.

Vanquished Creatures
  The ghost of Waterpls the Carver, a novice HESk of Okawaru (D:7)
  The ghost of Hipnos the Firebug, a novice DEFE (D:5)
  Grinder (D:3)
  Prince Ribbit (D:7)
  The ghost of Gekot the Skirmisher, an amateur GrFi of Okawaru (D:3)
  2 hippogriffs
  A hungry ghost (D:8)
  2 orc warriors
  3 ogres
  3 centaurs
  2 giant frogs (D:6)
  A scorpion (D:4)
  A water moccasin skeleton (D:4)
  A howler monkey (D:7)
  2 crimson imps (D:7)
  10 orc priests
  A giant frog zombie (D:7)
  2 hounds
  Crazy Yiuf (D:2)
  6 orc wizards
  Natasha (twice) (D:2)
  2 iguanas (D:5)
  6 worker ants
  A hound zombie (D:5)
  Robin (D:2)
  10 adders
  2 shadow imps
  An ooze (D:1)
  4 adder skeletons
  A worm (D:5)
  A dart slug (D:4)
  7 giant geckos
  31 orcs
  2 ball pythons
  5 giant cockroaches
  28 goblins
  7 hobgoblins
  10 jackals
  4 quokkas
  11 bats
  11 giant newts
  A jackal zombie (D:5)
  8 kobolds
  7 rats
206 creatures vanquished.

Notes
Turn   | Place    | Note
--------------------------------------------------------------
     0 | D:1      | nikolu the Minotaur Berserker began the quest for the Orb.
     0 | D:1      | Reached XP level 1. HP: 19/19 MP: 0/0
    78 | D:1      | Reached XP level 2. HP: 22/27 MP: 1/1
   200 | D:1      | Reached skill level 4 in Polearms
   233 | D:1      | Reached ** piety under Trog
   297 | D:1      | Reached XP level 3. HP: 16/34 MP: 2/2
   731 | D:2      | Found a faded altar to an unknown god.
   888 | D:2      | Noticed Crazy Yiuf
   896 | D:2      | Killed Crazy Yiuf
   896 | D:2      | Reached XP level 4. HP: 25/41 MP: 3/3
  1101 | D:2      | Found a glowing silver altar of Zin.
  1232 | D:2      | Noticed Natasha
  1234 | D:2      | Noticed Robin
  1247 | D:2      | Killed Robin
  1250 | D:2      | Killed Natasha
  1250 | D:2      | Reached skill level 5 in Polearms
  1254 | D:2      | Reached *** piety under Trog
  1276 | D:2      | Reached XP level 5. HP: 7/47 MP: 4/4
  1573 | D:2      | Reached skill level 5 in Fighting
  1756 | D:2      | Noticed Natasha
  1762 | D:2      | Killed Natasha
  1806 | D:3      | Noticed Grinder
  1831 | D:3      | Killed Grinder
  1831 | D:3      | Reached XP level 6. HP: 9/56 MP: 5/5
  2151 | D:3      | Noticed Gekot's ghost (amateur GrFi)
  2165 | D:3      | Killed Gekot's ghost
  2165 | D:3      | Reached skill level 6 in Polearms
  2165 | D:3      | Reached XP level 7. HP: 62/62 MP: 6/6
  2318 | D:3      | Reached skill level 5 in Dodging
  2988 | D:4      | Reached skill level 1 in Stealth
  2992 | D:4      | Reached **** piety under Trog
  2996 | D:4      | Reached skill level 5 in Armour
  3643 | D:4      | Reached XP level 8. HP: 65/71 MP: 7/7
  4057 | D:4      | Reached skill level 7 in Polearms
  4249 | D:5      | Entered Level 5 of the Dungeon
  4418 | D:5      | Noticed Hipnos's ghost (novice DEFE)
  4435 | D:5      | Killed Hipnos's ghost
  4759 | D:5      | Found a shadowy altar of Dithmenos.
  5305 | D:5      | Received a gift from Trog
  5490 | D:6      | Found Huvywutt's Book Shop.
  5523 | D:6      | Reached skill level 8 in Polearms
  5523 | D:6      | Reached XP level 9. HP: 80/80 MP: 8/8
  5540 | D:6      | Found Guyweuv's Antique Weapon Boutique.
  5544 | D:6      | Found Acyos's Jewellery Boutique.
  5566 | D:6      | Found a staircase to the Ecumenical Temple.
  5637 | D:6      | Found Titizir's Armour Shop.
  5664 | D:6      | You fall through a shaft for 2 floors!
  5761 | D:7      | Noticed Waterpls's ghost (novice HESk)
  5776 | D:7      | Killed Waterpls's ghost
  5776 | D:7      | Reached skill level 1 in Throwing
  5805 | D:7      | Noticed Prince Ribbit
  5818 | D:7      | Killed Prince Ribbit
  5891 | D:7      | Reached skill level 9 in Polearms
  5927 | D:7      | Reached ***** piety under Trog
  6039 | D:7      | Found a stormy altar of Qazlal.
  6438 | D:8      | Found Tahael's Jewellery Shop.
  6491 | D:8      | Noticed Psyche
  6497 | D:7      | Reached skill level 10 in Polearms
  6761 | D:7      | HP: 4/82 [orc warrior/halberd of flaming (7)]
  6762 | D:7      | Demolished by an orc warrior

Skill      XL: |  1  2  3  4  5  6  7  8  9 |
---------------+----------------------------+-----
Fighting       | 4 5 6 7 8 |  8.3
Polearms       | 4 5 6 8 10 | 10.0
Armour         | 3 4 5 7 8 |  8.3
Dodging        | 4 5 6 7 |  7.5
Stealth        | 1 |  1.0
Throwing       | 3 |  3.1

Action                   |  1- 3 |  4- 6 |  7- 9 || total
-------------------------+-------+-------+-------++-------
Melee: Spear             |   106 |   106 |   473 ||   685
       Headbutt          |    12 |    22 |    93 ||   127
       Trident           |       |       |    34 ||    34
Throw: Javelin           |       |       |     6 ||     6
Invok: Berserk           |     1 |     2 |     6 ||     9
  Eat: Chunk             |       |     6 |    21 ||    27
       Royal jelly       |       |       |     1 ||     1
Armor: Leather armour    |    10 |     9 |     4 ||    23
       Scale mail        |       |       |    83 ||    83
Dodge: Dodged            |    39 |    34 |   204 ||   277
Block: Other             |       |       |    25 ||    25
       Reflection        |       |       |     1 ||     1
